 Dungeon Crawl Stone Soup version 0.29.1-1-gd02db6906a (webtiles) character file.

Game seed: 638091231102736939

4021 Frenzy the Cleaver (level 10, -3/89 (90) HPs)
             Began as a Hill Orc Fighter on Sept 15, 2022.
             Was a Believer of Nemelex Xobeh.
             Slain by Erica
             ... wielding a +0 scimitar of flaming
              (10 damage)
             ... on level 8 of the Dungeon.
             The game lasted 00:34:32 (7146 turns).

Frenzy the Cleaver (Hill Orc Fighter)               Turns: 7146, Time: 00:34:32

HP:   -3/89 (90)    AC: 10    Str: 24    XL:     10   Next: 23%
MP:   10/10         EV:  7    Int:  8    God:    Nemelex Xobeh [**....]
Gold: 443           SH: 12    Dex: 10    Spells: 9/9 levels left

rFire   . . .      SeeInvis .   x - +3 war axe
rCold   . . .      Faith    .   h - +3 kite shield
rNeg    . . .      Spirit   .   m - +0 chain mail
rPois   .          Reflect  .   (no helmet)
rElec   .          Harm     .   (no cloak)
rCorr   .          Rampage  .   (no gloves)
Will    .....                   (no boots)
Stlth   ..........              (no amulet)
HPRegen 0.24/turn               (no ring)
MPRegen 0.12/turn               (no ring)

@: hasted and slowed, studying Fighting, lightly drained
A: no striking features
a: Renounce Religion, Draw Escape, Draw Destruction, Draw Summoning


You were on level 8 of the Dungeon.
You worshipped Nemelex Xobeh.
Nemelex Xobeh was pleased with you.
You visited 2 branches of the dungeon, and saw 9 of its levels.
You also visited: Ossuary.

You collected 443 gold pieces.

Inventory:

Hand Weapons
 a - a +1 spectral war axe
 x - a +3 war axe (weapon)
Armour
 c - a +0 buckler
 h - a +3 kite shield (worn)
 m - a +0 chain mail (worn)
Jewellery
 b - the ring "Zixkuybb" {Ice rElec rCorr Str+2 Dex-3}
   (You found it on level 3 of the Dungeon)

   [ring of ice]

   It enhances your ice magic.
   Str:       It affects your strength (+2).
   Dex:       It affects your dexterity (-3).
   rF:        It makes you vulnerable to fire.
   rC:        It protects you from cold.
   rElec:     It insulates you from electricity.
   rCorr:     It protects you from acid and corrosion.
Wands
 l - a wand of light (8)
 n - a wand of flame (6)
 p - a wand of iceblast (6)
 u - a wand of digging (3)
Scrolls
 i - 2 scrolls of teleportation
 o - 2 scrolls of enchant armour
 r - a scroll of noise {unknown}
 y - a scroll of butterflies
Potions
 d - 2 potions of cancellation
 e - 5 potions of curing
 f - 3 potions of magic
 g - a potion of mutation
 k - a potion of ambrosia
 q - a potion of degeneration
 t - a potion of flight
 w - 2 potions of attraction


   Skills:
 + Level 8.7 Fighting
 + Level 12.1 Axes
 + Level 8.0 Armour
 + Level 2.2 Dodging
 + Level 1.5 Stealth
 + Level 7.8 Shields


You had 9 spell levels left.
You didn't know any spells.
Your spell library contained the following spells:

 Spells                   Type           Power      Damage    Failure   Level
 Magic Dart               Conj           0%         1d3       100%        1
 Searing Ray              Conj           0%         2d4       100%        2
 Fulminant Prism          Conj/Hex       0%         3d6       100%        4


Dungeon Overview and Level Annotations

Branches:
Dungeon (8/15)             Temple (1/1) D:5         Ossuary (visited)
   Lair: D:8-11

Altars:
Elyvilon
Fedhas
Hepliaklqana
Kikubaaqudgha
Makhleb
Nemelex Xobeh
Qazlal
Uskayaw
Vehumet
Yredelemnul
The Shining One

Shops:
D:6 [

Annotations:
D:8 Erica


Message History

You are knocked back by the lance of force.
You slam into the rock wall!
You bump into the rock wall.
You feel less confused.
Erica hits you with a +0 scimitar of flaming!
Erica burns you. The wight hits you with a +2 halberd!
You barely miss the wight. You slash Erica!
The wight hits you with a +2 halberd.
You feel drained. You block Erica's attack.
You completely miss the wight. You slash Erica! You block the wight's attack.
Erica hits you with a +0 scimitar of flaming!
* * * LOW HITPOINT WARNING * * *
Erica burns you.
* * * LOW HITPOINT WARNING * * *
You feel better.
Erica hits you with a +0 scimitar of flaming.
* * * LOW HITPOINT WARNING * * *
Erica burns you.
* * * LOW HITPOINT WARNING * * *
You block the wight's attack.
You hit the wight.
The wight is lightly damaged.
You slash Erica! You block the wight's attack. You block Erica's attack.
You hit Erica.
Erica is heavily wounded.
You barely miss the wight. You block Erica's attack.
The wight hits you with a +2 halberd!
* * * LOW HITPOINT WARNING * * *
You barely miss Erica.
Erica is heavily wounded.
You closely miss the wight. You block the wight's attack.
Erica hits you with a +0 scimitar of flaming!
* * * LOW HITPOINT WARNING * * *
Erica burns you.
* * * LOW HITPOINT WARNING * * *
You feel better. The wight hits you with a +2 halberd.
* * * LOW HITPOINT WARNING * * *
Erica hits you with a +0 scimitar of flaming!
You die...
Your body glows slightly and disappears.

#..... ...........!...
...
.......................
...
.........................
...
.........................
...
........######...........
.. ........# #...........
. +...........#######
#z.@........#...'..
#.@..########...#..
#....#.....##..###.
#....#.....##..####
#....'...........#
#....########....#
#.......)...#######
##'##..........[...
#...#..............
#...#..............


You could see Erica and a wight.

Vanquished Creatures
  Joseph (D:7)
  Sigmund (D:2)
  3 yaks (D:8)
  Menkaure (D:7)
  A water moccasin (D:6)
  Duvessa (D:4)
  A black bear (D:6)
  An ice beast (D:8)
  An orc warrior (D:7)
  3 centaurs
  4 kobold brigands
  2 elf zombies (Ossuary)
  A bullfrog (D:7)
  3 scorpions
  10 wights
  Dowan (D:4)
  5 jellies
  2 hounds
  2 gnoll boudas
  2 orc priests
  Ijyb (D:4)
  Natasha (thrice) (D:2)
  3 iguanas
  4 orc wizards
  Terence (D:2)
  3 mummies
  Robin (D:2)
  14 gnolls
  7 adders
  A white imp (D:6)
  3 adder zombies (Ossuary)
  A worm (D:5)
  4 dart slugs
  18 orcs
  2 ball pythons
  4 endoplasms
  7 giant cockroaches
  12 goblins
  7 hobgoblins
  7 jackals
  2 quokkas (D:1)
  4 frilled lizards
  11 hobgoblin zombies (Ossuary)
  A jackal zombie (Ossuary)
  27 kobolds
  13 kobold zombies (Ossuary)
  6 orc zombies (Ossuary)
  6 rats
  A rat zombie (Ossuary)
220 creatures vanquished.

Vanquished Creatures (others)
  3 plants (D:3)
3 creatures vanquished.

Grand Total: 223 creatures vanquished

Notes
Turn   | Place    | Note
-------+----------+-------------------------------------------
     0 | D:1      | Frenzy the Hill Orc Fighter began the quest for the Orb.
     0 | D:1      | Reached XP level 1. HP: 19/19 MP: 1/1
    53 | D:1      | Reached XP level 2. HP: 23/27 MP: 2/2
   303 | D:1      | Reached skill level 3 in Axes
   380 | D:1      | Reached XP level 3. HP: 30/33 MP: 3/3
  1109 | D:2      | Noticed Terence
  1115 | D:2      | Killed Terence
  1116 | D:2      | Reached skill level 4 in Axes
  1116 | D:2      | Reached XP level 4. HP: 29/40 MP: 4/4
  1164 | D:2      | Noticed Natasha
  1170 | D:2      | Killed Natasha
  1203 | D:2      | Noticed Robin
  1219 | D:2      | Killed Robin
  1220 | D:2      | Reached XP level 5. HP: 25/47 MP: 5/5
  1231 | D:2      | Noticed Natasha
  1237 | D:2      | Killed Natasha
  1287 | D:2      | Noticed Sigmund
  1304 | D:2      | Killed Sigmund
  1305 | D:2      | Reached skill level 5 in Axes
  1305 | D:2      | Reached skill level 1 in Dodging
  1305 | D:2      | Reached XP level 6. HP: 12/53 MP: 6/6
  1397 | D:2      | Noticed Natasha
  1407 | D:2      | Killed Natasha
  1408 | D:2      | Reached skill level 6 in Axes
  2043 | D:3      | Found a faded altar of an unknown god.
  2056 | D:3      | Reached XP level 7. HP: 42/60 MP: 7/7
  2219 | D:3      | Found a glowing golden altar of the Shining One.
  2457 | D:3      | Identified the ring "Zixkuybb" {Ice rElec rCorr Str+2
                  | Dex-3}
  2954 | D:4      | Noticed Dowan
  2957 | D:4      | Noticed Duvessa
  2968 | D:4      | Killed Duvessa
  2969 | D:4      | Reached skill level 5 in Armour
  2973 | D:4      | Killed Dowan
  2974 | D:4      | Reached skill level 5 in Fighting
  2974 | D:4      | Reached skill level 7 in Axes
  3264 | D:4      | Reached skill level 5 in Shields
  3270 | D:4      | Noticed Ijyb
  3273 | D:4      | Killed Ijyb
  3583 | D:5      | Entered Level 5 of the Dungeon
  3727 | D:5      | Reached XP level 8. HP: 66/68 MP: 8/8
  3829 | D:5      | Reached skill level 8 in Axes
  3906 | D:5      | Found a staircase to the Ecumenical Temple.
  3943 | Temple   | Entered the Ecumenical Temple
  3951 | Temple   | Became a worshipper of Nemelex Xobeh the Trickster
  4265 | D:6      | Identified a scroll of acquirement
  4265 | D:6      | Acquired a manual of Fighting
  4454 | D:6      | Reached skill level 9 in Axes
  4454 | D:6      | Reached skill level 1 in Stealth
  4935 | D:6      | Reached * piety under Nemelex Xobeh
  4965 | D:6      | Found Bochahih's Antique Armour Boutique.
  5158 | D:6      | Reached XP level 9. HP: 69/77 MP: 9/9
  5332 | D:6      | Received a gift from Nemelex Xobeh
  5445 | D:7      | Found a sand-covered staircase.
  5457 | Ossuary  | Entered an ossuary
  5528 | Ossuary  | Reached skill level 10 in Axes
  5747 | D:7      | Noticed Joseph
  5758 | D:7      | Reached skill level 11 in Axes
  5764 | D:7      | Killed Joseph
  5923 | D:7      | Noticed Menkaure
  5932 | D:7      | Killed Menkaure
  6243 | D:7      | Found a hide-covered altar of Uskayaw.
  6362 | D:7      | Received a gift from Nemelex Xobeh
  6502 | D:8      | Reached XP level 10. HP: 88/88 MP: 10/10
  6898 | D:8      | Reached skill level 12 in Axes
  6910 | D:8      | Reached ** piety under Nemelex Xobeh
  7128 | D:8      | Noticed Erica
  7145 | D:8      | HP: 3/89 [Erica/+0 scimitar of flaming (4)]
  7146 | D:8      | Slain by Erica

Illustrated notes

Levels and vault maps discovered:
D:1:      psy_arrival_basics, layout_basic, minmay_worlds_worst_comb
D:2:      layout_loops_ring, uniq_robin, uniq_sigmund, uniq_natasha,
          uniq_terence
D:3:      layout_basic, tso_oasis_becter, dreamdust_ecumenical_altar_statues
D:4:      layout_loops_ring, hangedman_decor_growths, uniq_duvessa, uniq_ijyb
D:5:      layout_layer_cave, minmay_temple_entry_butterflies
D:6:      layout_basic, serial_shops, nicolae_diamond_shop
D:7:      layout_rooms, lemuel_round_altar, gup_ossuary_entry_pyramid,
          uniq_joseph, uniq_menkaure
D:8:      layout_gridville, minmay_unpleasant_kobolds, uniq_erica,
          uniq_prince_ribbit1
Temple:   nicolae_temple_two_arcs

Skill      XL: |  1  2  3  4  5  6  7  8  9 10 |
---------------+-------------------------------+-----
Axes           | 3 4 5 6 7 9 11 12 | 12.1
Fighting       | 4 5 6 8 |  8.7
Armour         | 4 5 6 7 8 |  8.0
Dodging        | 1 2 |  2.2
Shields        | 4 5 6 7 |  7.8
Stealth        | 1 |  1.5

Action                   |  1- 3 |  4- 6 |  7- 9 | 10-12 || total
-------------------------+-------+-------+-------+-------++-------
Melee: War axe           |    77 |    88 |   266 |    79 ||   510
Invok: Draw Destruction  |       |       |     2 |       ||     2
  Use: Scroll            |     1 |     8 |    16 |     1 ||    26
       Potion            |       |     1 |     5 |     4 ||    10
Armor: Scale mail        |    36 |    22 |       |       ||    58
       Chain mail        |       |    14 |    77 |    34 ||   125
Dodge: Dodged            |    43 |    39 |    63 |    16 ||   161
Block: Buckler           |    17 |       |       |       ||    17
       Kite shield       |    10 |    42 |   139 |    67 ||   258
